 Dungeon Crawl Stone Soup version 0.23-a0-650-ga4d50d4 (webtiles) character file.

35 zishaf the Sneak (level 3, 0/18 HPs)
             Began as a Vine Stalker Assassin on Jan 7, 2019.
             Shot with a stone by a goblin (2 damage)
             ... led by Robin
             ... on level 1 of the Dungeon.
             The game lasted 00:02:58 (947 turns).

zishaf the Sneak (Vine Stalker Assassin)             Turns: 947, Time: 00:02:58

Health: 0/18       AC:  4    Str: 14    XL:     3   Next: 33%
Magic:  0/4        EV: 12    Int: 11    God:
Gold:   60         SH:  0    Dex: 15    Spells: 2/2 levels left

rFire    + . .     SeeInvis .   n - +0 dagger (curse)
rCold    . . .     Gourm    .   (no shield)
rNeg     . . .     Faith    .   j - +0 leather armour
rPois    .         Spirit   +   (no helmet)
rElec    .         Reflect  .   d - +0 cloak
rCorr    +         Harm     .   (no gloves)
MR       .....                  (no boots)
Stlth    +++.......             (no amulet)
HPRegen  0.06/turn              k - ring of resist corrosion
MPRegen  0.09/turn              l - ring of protection from fire

@: no status effects
A: fangs 2, magic shield, antimagic bite, no potion heal 3, rot immunity
a: no special abilities


You were on level 1 of the Dungeon.
You were not hungry.

You visited 1 branch of the dungeon, and saw 2 of its levels.

You collected 60 gold pieces.

Inventory:

Hand Weapons
 a - a +2 dagger
 b - a +0 blowgun
 n - a cursed +0 dagger (weapon)
Missiles
 e - 8 poisoned needles
 f - 2 curare-tipped needles
Armour
 c - a +0 robe
 d - a +0 cloak (worn)
 j - a +0 leather armour (worn)
Jewellery
 k - a ring of resist corrosion (left hand)
 l - a ring of protection from fire (right hand)
Scrolls
 i - a scroll of fear {unknown}
 m - 2 scrolls of remove curse {unknown}
 o - a scroll of blinking {unknown}
Comestibles
 g - 3 rations
 h - 5 chunks of flesh


   Skills:
 + Level 2.2 Fighting
 + Level 2.2 Short Blades
 - Level 1.7 Throwing
 + Level 1.4 Dodging
 + Level 5.2 Stealth


You had 2 spell levels left.
You didn't know any spells.
Your spell library was empty.

Dungeon Overview and Level Annotations

Branches:
Dungeon (2/15)

Altars:


Innate Abilities, Weirdness & Mutations

You have extremely sharp teeth.
When hurt, damage is shared between your health and your magic reserves.
Your bite disrupts and absorbs the magic of your enemies.
Potions cannot restore your health.
You are immune to rotting.


Message History

The goblin hits you with a +0 club.
* * * LOW HITPOINT WARNING * * *
You hit the goblin.
You kill the goblin!
You hit the hobgoblin.
The hobgoblin is severely wounded.
The hobgoblin hits you.
* * * LOW HITPOINT WARNING * * *
You hit the hobgoblin but do no damage. You bite the hobgoblin.
You kill the hobgoblin!
The goblin shoots a stone.
The stone hits you but does no damage.
The goblin shoots a stone.
The stone hits you.
The goblin shoots a stone.
The stone completely misses you.
You see here a stone.
The goblin shoots a stone.
The stone closely misses you.
You see here a stone.
The goblin shoots a stone.
The stone hits you but does no damage.
You see here a stone.
The goblin shoots a stone.
The stone hits you.
You die...

...'...........##.#....#####.#
.###............#.#..g.# #.# .#
#............#.#....#####g# .#
#####..................##'#### .#
#..................#.g...( .#
#..................#...... .#
#####......(.......#g.....
#################.#########......
................@......# #......
....#############..###.# #......
#...# #.............#.# #......
##..####.#########...#.####......
#.....................g..[>.####
##.......#####.......#.####).#
#..≈≈≈≈..# #.......#.#.....####
..≈≈≈≈≈≈.# #.......#.#.#.......
..≈≈≈≈≈≈.# #........g#.#.......


You could see a goblin.

Vanquished Creatures
  Robin (D:1)
  A leopard gecko (D:1)
  5 bats (D:1)
  A giant cockroach (D:1)
  2 goblins (D:1)
  4 hobgoblins (D:1)
  2 frilled lizards (D:1)
  A kobold (D:1)
  6 rats (D:1)
23 creatures vanquished.

Notes
Turn   | Place    | Note
-------+----------+-------------------------------------------
     0 | D:1      | zishaf the Vine Stalker Assassin began the quest for the
                  | Orb.
     0 | D:1      | Reached XP level 1. HP: 11/11 MP: 2/2
   233 | D:1      | Reached skill level 1 in Dodging
   264 | D:1      | Reached skill level 5 in Stealth
   264 | D:1      | Reached XP level 2. HP: 12/15 MP: 3/3
   832 | D:2      | Noticed Robin
   844 | D:1      | Killed Robin
   844 | D:1      | Reached XP level 3. HP: 18/18 MP: 4/4
   947 | D:1      | Shot with a stone by a goblin

Vault maps used:
D:1:      dpeg_arrival_pits
D:2:      chequers_ecumenical_altar_island, uniq_sigmund, uniq_natasha,
          uniq_robin

Skill      XL: |  1  2 |
---------------+-------+-----
Dodging        | 1 |  1.4
Fighting       | 2 |  2.2
Stealth        | 5 |  5.2
Short Blades   | 2 |  2.2
Throwing       | |  1.7

Action                   || total
-------------------------++-------
Melee: Dagger            ||    57
       Bite              ||    12
  Use: Potion            ||     1
 Stab: Sleeping          ||     6
Armor: Robe              ||     5
       Leather armour    ||    15
Dodge: Dodged            ||    42

Table legend:
 A = Non-vault XP
 B = Vault XP
 C = Vault XP percentage of total XP
 D = Non-vault monster count
 E = Vault monster count
 F = Vault count percentage of total count
                 A         B        C        D         E       F
            +---------+---------+-------+---------+---------+-------
      Total |      24 |      26 |  52.0 |      17 |       6 |  26.1
            +---------+---------+-------+---------+---------+-------
        D:1 |      24 |      26 |  52.0 |      17 |       6 |  26.1
            +---------+---------+-------+---------+---------+-------
